Cogmind - Beta 13 @@@ ROGUE MODE // 2024.04.05 @ 12:11:20 Player: Compilatron Result: Destroyed by G-34 Mercenary with Small Laser Performance ------------- Evolutions (0) 0 Regions Visited (1) 200 Robots Destroyed (20) 100 Value Destroyed (211) 211 Prototype IDs (0) 0 Alien Tech Used (0) 0 Bonus (0) 0 TOTAL SCORE: 511 Bonus ------- None Cogmind --------- Core Integrity 0/250 Matter 256/300 Energy 99/100 System Corruption 0% Temperature Cool (36) Movement Walking (190) Ox1 Location -10/Materials Parts ------- > --- POWER (1) -------- (None) > --- PROPULSION (2) --- Aluminum Leg Aluminum Leg > --- UTILITY (2) ------ Large Storage Unit > --- WEAPON (2) ------- Light Assault Rifle > --- INVENTORY (15) --- Small Storage Unit Medium Matter Pod (100) Signal Interpreter Improved Terrain Scanner Mining Laser Peak State ------------ > --- POWER ------------ Ion Engine > --- PROPULSION ------- Aluminum Leg Aluminum Leg > --- UTILITY ---------- Small Storage Unit Improved Terrain Scanner > --- WEAPON ----------- Light Assault Rifle Light Assault Rifle > --- INVENTORY -------- Light Ion Engine Light Treads Light Treads Medium Matter Pod Light Assault Rifle [Rating: 9] Favorites ----------- Power Ion Engine Engine Ion Engine Propulsion Aluminum Leg Leg Aluminum Leg Utility Small Storage Unit Device Seismic Detector Storage Small Storage Unit Weapon Light Assault Rifle Ballistic Gun Light Assault Rifle Build | -11 -10 ------- Run | Yrd Mat Slots Evolved . | . . Power . | . . Propulsion . | . . Utility . | . . Weapon . | . . Parts Attached 13 | 9 4 Power 2 | 1 1 Engine 2 | 1 1 Core . | . . Reactor . | . . Propulsion 3 | 2 1 Treads . | . . Leg 3 | 2 1 Wheel . | . . Hover . | . . Flight . | . . Utility 5 | 4 1 Device 3 | 3 . Storage 2 | 1 1 Processor . | . . Hackware . | . . Protection . | . . Artifact . | . . Weapon 3 | 2 1 Energy Gun . | . . Energy Cannon . | . . Ballistic Gun 3 | 2 1 Ballistic Cannon . | . . Launcher . | . . Special Weapon . | . . Impact Weapon . | . . Slashing Weapon . | . . Piercing Weapon . | . . Special Melee Weapon . | . . Unidentified Prototypes . | . . Parts Lost 6 | . 6 Power 2 | . 2 Propulsion 1 | . 1 Utility 1 | . 1 Weapon 2 | . 2 Highest Loss Streak 6 | . 6 To Critical Strikes . | . . Average Slot Usage (%) 99 | . 99 Engine 14 | . 14 Leg 27 | . 27 Device 14 | . 14 Storage 14 | . 14 Ballistic Gun 28 | . 28 Naked Turns . | . . Heaviest Build 28 | 13 28 Greatest Support 20 | 20 20 Greatest Overweight (x) 1 | . 1 Average Overweight (x) . | . . Largest Inventory Capacity 15 | 8 15 Average Capacity 8 | 7 9 Most Carried 8 | 8 8 Average Carried 6 | 5 7 Final Capacity 15 | 8 15 Final Carried 8 | 8 5 Class Distribution -------------------- 100% | Mutant Dominant Class ---------------- Mutant | -10/Materials Resources | -11 -10 ----------- Run | Yrd Mat Matter Collected 510 | 486 24 Remotely . | . . Salvage Created 555 | 371 184 Parts 48 | 36 12 Haulers Intercepted . | . . Recyclers Shooed . | . . Parts Field Recycled . | . . Retrieved Matter . | . . Parts Self-Destructed . | . . Prevented . | . . Kills | -11 -10 ------- Run | Yrd Mat Combat Hostiles Destroyed 5 | . 5 Guns 5 | . 5 Classes Destroyed 6 | 3 3 Worker 4 | 4 . Tunneler 9 | 9 . Recycler 1 | 1 . Watcher 1 | . 1 Swarmer 2 | . 2 Grunt 3 | . 3 Best Kill Streak 4 | 3 4 Combat Bots Only 4 | . 4 Max Kills in Single Turn 2 | 1 2 Gunslinging . | . . Exploded . | . . Melee . | . . Uniques/NPCs Destroyed . | . . Combat | -11 -10 -------- Run | Yrd Mat Hostile Shots Fired 103 | . 103 Missed 24 | . 24 Damage Taken 797 | . 797 Core 253 | . 253 Absorbed by Shields . | . . Core Remaining (%) 100 | 100 . Volleys Fired 78 | 48 30 Largest 2 | 2 2 Hottest 40 | 40 40 Shots Fired 154 | 96 58 Gun 154 | 96 58 Cannon . | . . Launcher . | . . Special . | . . Kinetic 154 | 96 58 Thermal . | . . Explosive . | . . Electromagnetic . | . . Robot Hit Streak 8 | 8 6 Robot Miss Streak 9 | 2 9 Penetration Max . | . . Secondary Targets 2 | . 2 Max Gunslinging Chain 1 | . 1 Shots Hit Robots 89 | 62 27 Core Hits 37 | 24 13 Critical Kills 1 | 1 . Critical Parts Destroyed 1 | 1 . Critical Strikes 2 | 2 . Destroy 2 | 2 . Melee Attacks . | . . Impact . | . . Slashing . | . . Piercing . | . . Sneak Attacks . | . . Combat Hostiles . | . . Follow-up Attacks . | . . Damage Inflicted 747 | 489 258 Guns 747 | 489 258 Cannons . | . . Explosions . | . . Melee . | . . Ramming . | . . Kinetic 747 | 489 258 Thermal . | . . Explosive . | . . Electromagnetic . | . . Impact . | . . Slashing . | . . Piercing . | . . Highest Corruption . | . . Average Corruption . | . . Corruption Purged . | . . Corruption Blocked . | . . Overload Shots . | . . Overflow Damage . | . . Projectiles . | . . Explosions . | . . Melee . | . . Knockbacks . | . . Impact . | . . Kinetic . | . . Secondary . | . . Self-Inflicted Damage . | . . Shots . | . . Rammed . | . . Targets Rammed . | . . Kicked . | . . Crushed . | . . Highest Temperature 60 | . 60 Average Temperature 29 | . 29 Received Heat Transfer 312 | . 312 Siege Activations . | . . Robots Corrupted . | . . Combat Hostiles . | . . Parts Fried . | . . Impact Corruptions . | . . Robots Melted . | . . Combat Hostiles . | . . Parts Melted . | . . Heat Transferred . | . . Parts Sabotaged . | . . Parts Stolen . | . . Parts Stripped . | . . Power Chain Reactions . | . . Alert | -11 -10 ------- Run | Yrd Mat Peak Influence 115 | 65 115 Initial 3 | . 3 Average 27 | 23 36 Maximum Alert Level . | . . Low Security (%) 100 | 100 100 Level 1 . | . . Level 2 . | . . Level 3 . | . . Level 4 . | . . Level 5 . | . . High Security . | . . Max Security . | . . Squads Dispatched 2 | . 2 Investigation 1 | . 1 Extermination . | . . Reinforcement 1 | . 1 Assault . | . . Garrison . | . . Intercept . | . . Searches Triggered . | . . Construction Impeded . | . . Haulers Reinforced . | . . Active Scanning Responses . | . . Cargo Convoy Interrupts . | . . Stealth | -11 -10 --------- Run | Yrd Mat Distress Signals 1 | . 1 Communications Jammed . | . . Distress Signals . | . . Times Spotted 12 | . 12 Peak Tracking Total 8 | . 8 Tactical Retreats . | . . Traps | -11 -10 ------- Run | Yrd Mat Traps Triggered . | . . Indirectly . | . . Trap Hack Attempts . | . . Triggered . | . . Disarmed . | . . Reprogrammed . | . . Reused . | . . Traps Extracted . | . . Installed . | . . Triggered . | . . Machines | -11 -10 ---------- Run | Yrd Mat Machines Disabled . | . . Max in Single Turn . | . . Machines Repaired . | . . Machines Dismantled . | . . Machines Sabotaged . | . . Overloaded Fab Kills . | . . Hacking | -11 -10 --------- Run | Yrd Mat Machines Accessed 2 | . 2 Terminals 1 | . 1 Fabricators . | . . Repair Stations . | . . Recycling Units 1 | . 1 Scanalyzers . | . . Garrison Access . | . . Total Hacks 7 | . 7 Successful 6 | . 6 Failed 1 | . 1 Catastrophic . | . . Database Lockouts . | . . Manual . | . . Terminals 3 | . 3 Fabricators . | . . Repair Stations . | . . Recycling Units 4 | . 4 Scanalyzers . | . . Garrison Access . | . . Terminal Hacks 3 | . 3 Recycling Unit Index 1 | . 1 Hauler Manifests 1 | . 1 Zone Layout 1 | . 1 Fabricator Hacks . | . . Repair Station Hacks . | . . Recycling Unit Hacks 3 | . 3 Recycle Component 1 | . 1 Process 1 | . 1 Report Inventory 1 | . 1 Scanalyzer . | . . Garrison Access Hacks . | . . Unauthorized Hacks . | . . Terminals . | . . Fabricators . | . . Repair Stations . | . . Recycling Units . | . . Scanalyzers . | . . Garrison Access . | . . Data Cores Recovered . | . . Used . | . . Hacking Detections 2 | . 2 Full Trace Events 1 | . 1 Feedback Events . | . . Feedback Blocked . | . . Robot Schematics Acquired . | . . Robots Built . | . . Authchips . | . . Time . | . . Total Robot Build Rating . | . . Part Schematics Acquired . | . . Parts Built . | . . Authchips . | . . Time . | . . Total Part Build Rating . | . . Parts Repaired . | . . Time . | . . Parts Recycled 1 | . 1 Recycled Matter 158 | . 158 Retrieved Matter . | . . Retrieved Components . | . . Parts Scanalyzed . | . . Part Schematics Acquired . | . . Parts Damaged . | . . Bothacking | -11 -10 ------------ Run | Yrd Mat Used RIF Installer . | . . Robots Hacked . | . . Non-combat . | . . Combat . | . . Robot Hacks Applied . | . . Relay Couplers Released . | . . Fabnet Peak Effective % . | . . Robots Rewired . | . . Allies Hacked . | . . Hacks Repelled . | . . Allies | -11 -10 -------- Run | Yrd Mat Total Allies . | . . Largest Group . | . . Highest-Rated Group . | . . Highest-Rated Ally . | . . Total Orders . | . . Ally Attacks . | . . Total Damage . | . . Kills . | . . Allies Corrupted . | . . Allies Melted . | . . Intel | -11 -10 ------- Run | Yrd Mat Robot Analysis Total . | . . Derelict Logs Recovered . | . . Drone Launches . | . . Drone Recoveries . | . . Exploration | -11 -10 ------------- Run | Yrd Mat Turns Passed 805 | 529 276 Spaces Moved 401 | 248 153 Core 5 | 5 . Treads . | . . Legs 396 | 243 153 Wheels . | . . Hover . | . . Flight . | . . Fastest Speed 50 | 50 120 Average Speed 120 | 118 123 Slowest Speed 190 | 120 190 Overloaded Moves . | . . Propulsion Burnouts . | . . Robots Hopped . | . . Cave-ins Triggered . | . . Exploration Rate (%) 19 | 11 28 Regions Visited 1 Branch Regions . Pre-discovered Areas . | . . Known Exits Taken . | . . Unknown Exits Taken 1 | 1 . Scrap Searched . | . . Spaces Dug . | . . Terrain Destroyed . | . . Melee . | . . Projectile . | . . AOE . | . . Terrain Rammed . | . . Walls Destroyed . | . . Machines Disabled . | . . Actions | -11 -10 --------- Run | Yrd Mat Total 600 | 405 195 Wait 87 | 84 3 Move 400 | 247 153 Hop . | . . Pick Up 19 | 16 3 Fast Attach . | . . Attach 10 | 7 3 Detach . | . . Swap 3 | 2 1 Drop 3 | 1 2 Fire 78 | 48 30 Melee . | . . Ram . | . . Kick . | . . Crush . | . . Escape Stasis . | . . Rewire . | . . Trap . | . . Miscellaneous . | . . Route ------- -11/Scrapyard -10/Materials (discovered 1 exit: [*Min]) History --------- Turn | Location | Event 30 | -11/Scrapyard | Discovered new exit (range 16) 530 | -11/Scrapyard | Entered Materials 531 | -10/Materials | Build established: Mutant 577 | -10/Materials | Discovered new exit (range 16) 790 | -10/Materials | Core integrity fell below 50% 801 | -10/Materials | Core integrity fell below 20% 806 | -10/Materials | Destroyed by G-34 Mercenary with Small Laser Last Messages --------------- Ion Engine (18) Lgt. Treads (70) Heat Sink (14) Sml. Matter Pod (6) 00738_ ALERT: Suspicious activity at Recycling Unit M001. Dispatching Investigation squad. 00747_ Acquired Lrg. Storage Unit. 00785_ S-10 Pest destroyed. 00785_ Switching to secondary target: G-34 Mercenary. 00786_ Ion Engine destroyed. 00794_ G-34 Mercenary destroyed. 00796_ Aluminum Leg destroyed. 00797_ S-10 Pest destroyed. 00797_ Switching to secondary target: G-34 Mercenary. 00797_ Lgt. Assault Rifle destroyed. 00802_ Seismic Detector destroyed. 00802_ Lgt. Assault Rifle destroyed. 00804_ Lgt. Ion Engine destroyed. Map ----- +----------------------------------------------------+ | | | | | | | | | | | | | | | | | | | | | | | ????#############????????????????????????????????? | | ????# #????????????????????????????????? | | #???# #????????????????????????????????? | | #???# """ """ #????????????????????????????????? | | #???# """ """ #????????????????????????????????? | | #???# """ """ #????????????????????????????????? | | #???# #????????????????????????????????? | | #???# = #????????????????????????????????? | | #???######+######????????????????????????????????? | | ######## #???????#####???????????????????????? | | #???????#"""#???????????????????????? | | #???????#"R"#?##????????????????????? | | #########" "##T## #####+#???????????? | | ######## r #???????????? | | #??#####+########## @ ""??????????? | | #??# ###! !!! T"??????????? | | #??# """ ##! "Y" !!! ""??????????? | | #??# """"" ## """ %[ gg! ##??????????? | | #??# """"" ##! = %s%* #???????????? | | #??# """"" ##! =% g #???????????? | | ###??# """ ###! o##"Y"###+##+## #???????????? | | ?????? #?#### ##"""#?? ?#??????????????? | | ?????? #????# ######???"" ???????????????? | | ??????##########????# #?????????" #??????????????? | | ????????????????????# #??????????????????????????? | | ????????????????????# #??????????????????????????? | | ????????????????????# #??????????????????????????? | | ???????????????????? ??????????????????????????? | | ???????????????????? ??????????????????????????? | | ???????????????????? ??????????????????????????? | | ???????????????????? ??????????????????????????? | | ?????????????????????? ??????????????????????????? | | ?????????????????????????????????????????????????? | | ?????????????????????????????????????????????????? | | ?????????????????????????????????????????????????? | | ?????????????????????????????????????????????????? | | ?????????????????????????????????????????????????? | | ?????????????????????????????????????????????????? | | ?????????????????????????????????????????????????? | +----------------------------------------------------+ Best States ------------- Heat Dissipation 25 Energy Generation 10 Energy Capacity 250 Matter Stores 300 Matter Capacity 300 Sight Range 16 Terrain Scan Range 16 Terrain Scan Density 10 Evasion (%) 55 Item Schematics ----------------- None Robot Schematics ------------------ None Fabricated ------------ Nothing Alien Tech Used ----------------- None Achievements -------------- None Challenges ------------ None Game ------ Seed CarbideEfficiencyDoublenader Manual? 0 Play Time 00:09:58 Cumulative 26.3 hours Start 2024.04.05 @ 12:04:40 End 2024.04.05 @ 12:11:20 Sessions 1 Manual Loads 0 Difficulty Rogue Special Mode None Game No. 30 Rogue 8 Adventurer 20 Explorer 2 Win Type - Total 0 Types 0/0/0/0/0/0/0/0/0 Lore% 33 Gallery% 29 Achievement% 26 Wizard Run 0 Options --------- Layout 1 ASCII 0 Keyboard 0 Movement Numpad Keybinds 0 Fullscreen 1 Font 24/Smallcaps Map View 50x35 Zoom Use 0% Tactical HUD 1 Map Filters NONE Filters NONE Steam 1 RUN: 8be8ea3e-d006-48c5-9e9e-d9d3f8aef164